 Dungeon Crawl Stone Soup version 0.23.0 (console) character file.

Game seed: 5077813789284601235

6783 erker the Cleaver (level 11, -17/68 HPs)
             Began as a Gargoyle Gladiator on Feb 9, 2019.
             Was a High Priest of Makhleb.
             Hit by a large rock thrown by a cyclops (32 damage)
             ... on level 10 of the Dungeon.
             The game lasted 00:26:32 (7776 turns).

erker the Cleaver (Gargoyle Gladiator)              Turns: 7776, Time: 00:26:33

Health: -17/68     AC: 23    Str: 21    XL:     11   Next: 5%
Magic:  11/11      EV: 25    Int:  9    God:    Makhleb [*****.]
Gold:   638        SH:  0    Dex: 11    Spells: 10/10 levels left

rFire    . . .     SeeInvis .   a - +0 war axe
rCold    . . .     Gourm    .   (no shield)
rNeg     + . .     Faith    .   e - +0 chain mail
rPois    ∞         Spirit   .   c - +0 helmet
rElec    +         Reflect  .   l - +0 cloak
rCorr    .         Harm     .   g - +1 pair of gloves
MR       .....                  (no boots)
Stlth    ..........             F - amulet of the acrobat
HPRegen  0.21/turn              (no ring)
MPRegen  0.12/turn              (no ring)

@: acrobat
A: negative energy resistance 1, electricity resistance, unbreathing,
petrification resistance, rot immunity, AC +8
a: Minor Destruction, Lesser Servant of Makhleb, Major Destruction, Greater
Servant of Makhleb, Renounce Religion


You were on level 10 of the Dungeon.
You worshipped Makhleb.
Makhleb was extremely pleased with you.
You were not hungry.

You visited 2 branches of the dungeon, and saw 11 of its levels.

You collected 683 gold pieces.
You spent 45 gold pieces at shops.

Inventory:

Hand Weapons
 a - a +0 war axe (weapon)
 b - a +0 blowgun
 A - a +0 flail
 B - a +0 whip
 U - the +6 hunting sling "Miss" {speed, rF++ MR+ Dex+2}
   (You found it on level 9 of the Dungeon)

   Attacks with this weapon are significantly faster.
   It affects your dexterity (+2).
   It greatly protects you from fire.
   It affects your resistance to hostile enchantments.
 V - a +0 morningstar
Missiles
 s - 31 bolts
 t - 8 poisoned needles
 y - 6 curare-tipped needles
 P - a throwing net (quivered)
Armour
 c - a +0 helmet (worn)
 e - a +0 chain mail (worn)
 g - a +1 pair of gloves (worn)
 l - a +0 cloak (worn)
 X - a +2 shield
Jewellery
 n - an uncursed amulet of harm
 F - an amulet of the acrobat (around neck)
Wands
 d - a wand of iceblast (1)
 I - a wand of digging (7)
 Q - a wand of enslavement (7)
 S - a wand of random effects (25)
 T - a wand of scattershot (7)
 W - a wand of flame (15)
Scrolls
 h - a scroll of amnesia {unknown}
 j - 9 scrolls of remove curse
 o - 2 scrolls of fog {unknown}
 r - 8 scrolls of identify
 u - 3 scrolls of blinking {unknown}
 v - a scroll of enchant armour {unknown}
 w - 4 scrolls of immolation {unknown}
 z - a scroll of random uselessness {unknown}
 C - a scroll of summoning {unknown}
 G - a scroll of magic mapping {unknown}
 H - a scroll of enchant weapon {unknown}
 K - 5 scrolls of teleportation
 L - 2 scrolls of fear {unknown}
 M - 2 scrolls of acquirement {unknown}
Potions
 i - 5 potions of heal wounds
 k - 4 potions of agility
 m - 7 potions of curing
 p - 2 potions of resistance
 q - a potion of mutation {unknown}
 x - a potion of invisibility
 D - 4 potions of brilliance {unknown}
 E - 2 potions of berserk rage {unknown}
 J - 3 potions of lignification {unknown}
 N - 2 potions of cancellation {unknown}
 R - a potion of haste {unknown}
Comestibles
 f - 29 rations
 O - 4 chunks of flesh


   Skills:
 + Level 8.1 Fighting
 + Level 11.3 Axes
 - Level 1.7 Throwing
 + Level 6.9 Armour
 + Level 5.3 Dodging
 + Level 1.0 Evocations


You had 10 spell levels left.
You didn't know any spells.
Your spell library contained the following spells:

 Spells                   Type           Power        Failure   Level  Hunger
 Beastly Appendage        Tmut           #.....       97%         1    ##.....
 Confusing Touch          Hex            #.....       97%         1    ##.....
 Corona                   Hex            #......      97%         1    ##.....
 Magic Dart               Conj           #...         97%         1    ##.....
 Sting                    Conj/Pois      #...         97%         1    ##.....
 Ensorcelled Hibernation  Hex/Ice        #.....       99%         2    ###....
 Poisonous Vapours        Pois/Air       #.....       99%         2    ###....
 Searing Ray              Conj           #.....       99%         2    ###....
 Sticks to Snakes         Tmut           #.......     99%         2    ###....
 Confuse                  Hex            #.......     100%        3    ####...
 Dazzling Spray           Conj/Hex       #.....       100%        3    ####...
 Gell's Gravitas          Tloc           #.........   100%        3    ####...
 Mephitic Cloud           Conj/Pois/Air  #.......     100%        3    ####...
 Spider Form              Tmut/Pois      #.........   100%        3    ####...
 Tukima's Dance           Hex            #.......     100%        3    ####...
 Force Lance              Conj/Tloc      #.......     100%        4    #####..
 Fulminant Prism          Conj/Hex       #.........   100%        4    #####..
 Ice Form                 Ice/Tmut       #.......     100%        4    #####..
 Iskenderun's Mystic Bla  Conj           #.......     100%        4    #####..
 Olgreb's Toxic Radiance  Pois           #.......     100%        4    #####..
 Petrify                  Tmut/Erth      #.......     100%        4    #####..
 Blade Hands              Tmut           #.........   100%        5    ######.
 Metabolic Englaciation   Hex/Ice        #.........   100%        5    ######.
 Venom Bolt               Conj/Pois      #.........   100%        5    ######.
 Yara's Violent Unravell  Hex/Tmut       #.........   100%        5    ######.


Dungeon Overview and Level Annotations

Branches:
Dungeon (10/15)            Temple (1/1) D:5
   Lair: D:8-11         Orc: D:9-12

Altars:
Ashenzari
Cheibriados
Dithmenos
Elyvilon
Fedhas
Gozag
Hepliaklqana
Kikubaaqudgha
Makhleb
Nemelex Xobeh
Okawaru
Qazlal
Ru
Sif Muna
Trog
Uskayaw
Vehumet
Wu Jian
Xom
Yredelemnul
Zin
The Shining One

Shops:
D:9 ??=


Innate Abilities, Weirdness & Mutations

You are resistant to torment.
Your stone body is resilient. (AC +8)
You are immune to poison.
You resist negative energy. (rN+)
You are resistant to electric shocks. (rElec)
You can survive without breathing.
You are immune to petrification.
You are immune to rotting.


Message History

Makhleb accepts your kill.
The cyclops throws a large rock.
The large rock hits you!!!
Ouch! That really hurt!
* * * LOW HITPOINT WARNING * * *
You are too injured to fight recklessly!
You are too injured to fight recklessly!
You are too injured to fight recklessly!
You are too injured to fight recklessly!
You are too injured to fight recklessly!
You are too injured to fight recklessly!
You are too injured to fight recklessly!
You are too injured to fight recklessly!
You are too injured to fight recklessly!
You are too injured to fight recklessly!
You are too injured to fight recklessly!
You are too injured to fight recklessly!
You are too injured to fight recklessly!
You are too injured to fight recklessly!
The cyclops throws a large rock.
The large rock hits you!!
You die...

#..# #..#
...... #..#
...... #..#
#...... #..#
#...... #.†#
#...... #..#
#...... #..#
#...... #@.#
#...... #.(#
#...... #†.#
#...... #.h#
#.).... #..#
#.).... #..#
#...... ...#
#<..... C...
.............
#####
#############


You could see a cyclops and a howler monkey.

Vanquished Creatures
  Harold (D:7)
  A komodo dragon (D:7)
  A troll (D:9)
  A slime creature (D:9)
  4 hippogriffs
  A wraith (D:10)
  A hungry ghost (D:9)
  2 soldier ants (D:10)
  2 water moccasins
  2 ice beasts (D:7)
  2 orc warriors
  9 ogres
  A phantom (D:4)
  2 sky beasts
  3 centaurs
  3 big kobolds
  5 bullfrogs
  A water moccasin zombie (D:7)
  A water moccasin skeleton (D:10)
  5 scorpions
  4 howler monkeys
  5 crimson imps
  A jelly (D:10)
  9 orc wizards
  A centaur skeleton (D:10)
  2 orc priests
  A bullfrog skeleton (D:5)
  3 hounds
  An iguana (D:6)
  11 worker ants
  Terence (D:3)
  A killer bee zombie (D:8)
  2 howler monkey skeletons
  13 adders
  3 shadow imps
  2 oozes (D:1)
  An adder zombie (D:7)
  A worm (D:3)
  A dart slug (D:2)
  7 leopard geckos
  43 orcs
  2 ball pythons (D:4)
  9 bats
  8 giant cockroaches
  2 goblins
  16 hobgoblins
  6 jackals
  4 quokkas
  6 frilled lizards
  23 kobolds
  A leopard gecko skeleton (D:6)
  10 rats
248 creatures vanquished.

Notes
Turn   | Place    | Note
-------+----------+-------------------------------------------
     0 | D:1      | erker the Gargoyle Gladiator began the quest for the Orb.
     0 | D:1      | Reached XP level 1. HP: 12/12 MP: 1/1
    27 | D:1      | Reached XP level 2. HP: 4/17 MP: 2/2
   124 | D:1      | Reached skill level 3 in Axes
   651 | D:1      | Reached XP level 3. HP: 22/22 MP: 3/3
  1068 | D:2      | Found a burning altar of Makhleb.
  1085 | D:2      | Became a worshipper of Makhleb the Destroyer
  1112 | D:2      | Reached XP level 4. HP: 27/27 MP: 4/4
  1577 | D:3      | Noticed Terence
  1592 | D:3      | Killed Terence
  1592 | D:3      | Reached skill level 4 in Axes
  1595 | D:3      | Reached XP level 5. HP: 25/32 MP: 5/5
  1633 | D:3      | Reached skill level 1 in Armour
  1644 | D:3      | Reached * piety under Makhleb
  1801 | D:3      | Found a burning altar of Makhleb.
  2200 | D:3      | Found a glowing silver altar of Zin.
  2200 | D:3      | Noticed an angel
  2201 | D:3      | Noticed an Executioner
  2320 | D:4      | Reached XP level 6. HP: 19/37 MP: 6/6
  2429 | D:4      | Reached skill level 5 in Axes
  2566 | D:4      | Reached ** piety under Makhleb
  2612 | D:4      | Reached XP level 7. HP: 39/42 MP: 7/7
  2871 | D:5      | Entered Level 5 of the Dungeon
  2949 | D:5      | Reached skill level 6 in Axes
  3073 | D:5      | Found a glowing golden altar of the Shining One.
  3073 | D:5      | Found a white marble altar of Elyvilon.
  3078 | D:5      | Found a faded altar of an unknown god.
  3080 | D:5      | Found a sacrificial altar of Ru.
  3081 | D:5      | Found a shadowy altar of Dithmenos.
  3250 | D:5      | Found a staircase to the Ecumenical Temple.
  3259 | Temple   | Entered the Ecumenical Temple
  3658 | D:6      | Reached XP level 8. HP: 48/48 MP: 8/8
  3729 | D:6      | Reached skill level 7 in Axes
  3798 | D:6      | Found a hide-covered altar of Uskayaw.
  3870 | D:6      | Reached *** piety under Makhleb
  4026 | D:6      | Reached skill level 5 in Fighting
  4042 | D:6      | Found a radiant altar of Vehumet.
  4140 | D:6      | Found a sparkling altar of Nemelex Xobeh.
  4474 | D:6      | Reached skill level 8 in Axes
  4540 | D:7      | Reached XP level 9. HP: 25/54 MP: 9/9
  4770 | D:7      | Reached skill level 9 in Axes
  4893 | D:7      | Noticed Harold
  4919 | D:7      | HP: 1/55 [Harold/+0 scimitar (13)]
  4923 | D:7      | Killed Harold
  4923 | D:7      | Reached skill level 5 in Armour
  4930 | D:7      | Reached **** piety under Makhleb
  4930 | D:7      | Reached XP level 10. HP: 28/61 MP: 10/10
  5106 | D:7      | Reached skill level 5 in Dodging
  5299 | D:7      | Reached skill level 10 in Axes
  5986 | D:8      | Found a shimmering altar of Xom.
  6525 | D:9      | Got a warped hunting sling
  6526 | D:9      | Identified the +6 hunting sling "Miss" {speed, rF++ MR+
                  | Dex+2} (You found it on level 9 of the Dungeon)
  6545 | D:9      | Found Huotiuph's Jewellery Boutique.
  7026 | D:9      | Found a shattered altar of Ashenzari.
  7026 | D:9      | Found a snail-covered altar of Cheibriados.
  7026 | D:9      | Found an opulent altar of Gozag.
  7167 | D:9      | Found Hug Yramp's Magic Scroll Shop.
  7273 | D:9      | Found Ofrewn's Magic Scroll Emporium.
  7278 | D:9      | Bought a scroll of teleportation for 45 gold pieces
  7396 | D:10     | Entered Level 10 of the Dungeon
  7408 | D:10     | Reached skill level 1 in Evocations
  7409 | D:10     | Reached skill level 11 in Axes
  7688 | D:10     | Reached XP level 11. HP: 37/68 MP: 11/11
  7718 | D:10     | Reached ***** piety under Makhleb
  7773 | D:10     | Noticed a cyclops
  7776 | D:10     | Hit by a large rock thrown by a cyclops

Skill      XL: |  1  2  3  4  5  6  7  8  9 10 |
---------------+-------------------------------+-----
Axes           | 3 4 5 6 8 9 11 | 11.3
Fighting       | 3 4 5 6 8 |  8.1
Armour         | 1 2 3 5 6 |  6.9
Dodging        | 3 4 5 |  5.3
Evocations     | 1 |  1.0
Throwing       | |  1.7

Action                   |  1- 3 |  4- 6 |  7- 9 | 10-12 || total
-------------------------+-------+-------+-------+-------++-------
Melee: War axe           |   124 |   180 |   324 |   332 ||   960
 Fire: Blowgun           |       |       |     3 |     2 ||     5
Throw: Throwing net      |       |       |     5 |     4 ||     9
Evoke: Wand              |       |       |       |     3 ||     3
  Use: Potion            |       |       |     4 |       ||     4
       Scroll            |       |       |     5 |       ||     5
 Stab: Invisible         |       |       |     5 |       ||     5
       Held in net/web   |       |       |     2 |       ||     2
  Eat: Chunk             |     1 |     5 |     8 |    12 ||    26
Armor: Leather armour    |     2 |       |       |       ||     2
       Chain mail        |   123 |    99 |       |   244 ||   466
       Ring mail         |       |    36 |   183 |    11 ||   230
Dodge: Dodged            |    76 |   106 |   217 |   207 ||   606
